 Dungeon Crawl Stone Soup version 0.26-a0-540-g8a0c9464d7 (webtiles) character file.

Game seed: 12630818337722299859

28 Gorglomux the Chiller (level 3, 0/14 HPs)
             Began as a Felid Ice Elementalist on Aug 24, 2020.
             Slain by a jackal (1 damage)
             ... on level 1 of the Dungeon.
             The game lasted 00:03:34 (779 turns).

Gorglomux the Chiller (Felid Ice Elementalist)       Turns: 779, Time: 00:03:34

Health: 0/14       AC:  1    Str:  4    XL:     3   Next: 0%
Magic:  3/8        EV: 18    Int: 17    God:
Gold:   41         SH:  0    Dex: 16    Spells: 6/7 levels left
                                        Lives:  0   Deaths: 0

rFire    . . .     SeeInvis +   (weapon unavailable)
rCold    . . .     Faith    .   (shield unavailable)
rNeg     . . .     Spirit   .   (armour unavailable)
rPois    .         Reflect  .   (helmet unavailable)
rElec    .         Harm     .   (cloak unavailable)
rCorr    .                      (gloves unavailable)
MR       .....                  (boots unavailable)
Stlth    +++.......             (no amulet)
HPRegen  0.04/turn              (no ring)
MPRegen  0.11/turn              (no ring)

@: quick
A: very small, no armour, no weapons or thrown items, stealth, claws 1, fangs 3,
see invisible, speed 1, shaggy fur 1, sharp paws
a: no special abilities


You were on level 1 of the Dungeon.
You visited 1 branch of the dungeon, and saw 1 of its levels.

You collected 41 gold pieces.

Inventory:

Scrolls
 a - 2 scrolls of identify {unknown}
 b - a scroll of fog {unknown}
 c - a scroll of teleportation {unknown}
 d - a scroll of amnesia {unknown}
 e - a scroll of noise {unknown}
 f - 3 scrolls of immolation {unknown}


   Skills:
 - Level 2.6 Dodging
 - Level 2.6 Stealth
 + Level 2.7 Spellcasting
 + Level 4.1 Ice Magic


You had 6 spell levels left.
You knew the following spells:

 Your Spells              Type           Power        Failure   Level
a - Freeze                Ice            ###.         3%          1

Your spell library contained the following spells:

 Spells                   Type           Power        Failure   Level
 Frozen Ramparts          Ice            ###...       10%         3
 Ozocubu's Armour         Ice            ###.....     10%         3
 Hailstorm                Conj/Ice       #.......     61%         4
 Summon Ice Beast         Ice/Summ       #.......     61%         4


Dungeon Overview and Level Annotations

Branches:
Dungeon (1/15)

Altars:


Innate Abilities, Weirdness & Mutations

You cannot wear armour.
You are incapable of wielding weapons or throwing items.
Your paws allow you to move quietly. (Stealth)
You have sharp claws.
You have razor-sharp teeth.
You have supernaturally acute eyesight. (SInv)
You cover ground quickly.
You are covered in fur. (AC +1)
Your sharp claws are effective at attacking unaware monsters.


Message History

You freeze the goblin.
You kill the goblin!
You feel sick.
You aren't carrying any potions.
You feel sick.
Found a stone staircase leading down.
A jackal comes into view.
You see here 14 bolts.
You feel sick.
You feel sick.
A jackal comes into view.
The jackal barks!
You hear a bark! x2
A jackal comes into view.
You feel sick.
A jackal comes into view.
You feel sick.
You swing at nothing.
Casting: Freeze (safe; 3% risk of failure)
Confirm with . or Enter, or press ? or * to list all spells.
Aiming: Freeze (safe; 3% risk of failure)
Press: ? - help, Shift-Dir - straight line, f - jackal
Aim: a jackal You freeze the jackal!
You kill the jackal!
Casting: Freeze (safe; 3% risk of failure)
Confirm with . or Enter, or press ? or * to list all spells.
Aiming: Freeze (safe; 3% risk of failure)
Press: ? - help, Shift-Dir - straight line, f - jackal
Aim: a jackal You freeze the jackal.
You kill the jackal!
You have reached level 3!
Your experience leads to an increase in your attributes!
Increase (S)trength, (I)ntelligence, or (D)exterity?
You feel clever. The jackal bites you.
* * * LOW HITPOINT WARNING * * *
You see here a jackal corpse.
Casting: Freeze (safe; 3% risk of failure)
Confirm with . or Enter, or press ? or * to list all spells.
Aiming: Freeze (safe; 3% risk of failure)
Press: ? - help, Shift-Dir - straight line, f - jackal
Aim: a jackal You freeze the jackal.
The jackal is severely wounded.
* * * LOW HITPOINT WARNING * * *
You feel sick.
You are no longer poisoned.
The jackal bites you.
You die...

##.####.# ##. .....#..# .h
####...### .##.h ##..(.#
###.##># #..#K#### #.h.##.# #
##.#(...#### #h####.# #
#.####....# #.# #.# # #..#
####.###.# #.# # ##.#
#..@h.####.###### #######.###
####......(.....# ..........#
#............# ..........#
##...........# ..........#
..............# ..........#
####......)...#
###################....(.....#
.♣.♣.♣.♣.♣.♣.♣.♣.##..........#
...............)).#†.........#


You could see a jackal.

Vanquished Creatures
  An ooze (D:1)
  A leopard gecko (D:1)
  3 bats (D:1)
  A giant cockroach (D:1)
  4 goblins (D:1)
  3 hobgoblins (D:1)
  2 jackals (D:1)
  4 kobolds (D:1)
19 creatures vanquished.

Notes
Turn   | Place    | Note
-------+----------+-------------------------------------------
     0 | D:1      | Gorglomux the Felid Ice Elementalist began the quest for
                  | the Orb.
     0 | D:1      | Reached XP level 1. HP: 7/7 MP: 4/4
   227 | D:1      | Reached XP level 2. HP: 6/11 MP: 0/6
   447 | D:1      | Reached skill level 4 in Ice Magic
   777 | D:1      | Reached XP level 3. HP: 5/14 MP: 4/8
   779 | D:1      | Slain by a jackal

Illustrated notes

Levels and vault maps discovered:
D:1:      giann_forest_graveyard, layout_rooms, chequers_avenue,
          minmay_tetromino_i4

Skill      XL: |  1  2 |
---------------+-------+-----
Ice Magic      | 4 |  4.1
Dodging        | |  2.6
Stealth        | |  2.6
Spellcasting   | |  2.7

Action                   || total
-------------------------++-------
Melee: Unarmed           ||    15
       Bite              ||     2
 Cast: Freeze            ||    34
 Stab: Sleeping          ||     1
Armor: Skin              ||     4
Dodge: Dodged            ||    33

Table legend: (Time is in decaauts)
 A = Elapsed time spent in this place.
 B = Non-inter-level travel time spent in this place.
 C = Inter-level travel time spent in this place.
 D = Time resting spent in this place.
 E = Time spent auto-exploring this place.
 F = Levels seen in this place.
 G = Mean time per level.
                   A        B        C        D        E       F      G
               +--------+--------+--------+--------+--------+-----+--------+
         Total |    701 |    687 |     14 |      4 |    462 |   1 |  701.0 |
       Dungeon |    701 |    687 |     14 |      4 |    462 |   1 |  701.0 |
               +--------+--------+--------+--------+--------+-----+--------+

Top non-repeatable levels by time:
     D:1: 701 daAuts
